 Dungeon Sprint DCSS version 0.17-a0-1210-g1e4f09d (webtiles) character file.

1152 nuthulu the Grappler (level 8, -4/89 HPs)
             Began as a Troll Berserker on June 3, 2015.
             Was a Priest of Trog.
             Asphyxiated
             ... in the Dungeon (Sprint I: "Red Sonja").
             The game lasted 00:02:04 (492 turns).

nuthulu the Grappler (Troll Berserker)               Turns: 492, Time: 00:02:05

Health: -4/89      AC:  5    Str: 28    XL:     8   Next: 16%
Magic:  7/7        EV: 13    Int:  3    God:    Trog [***...]
Gold:   345        SH:  0    Dex:  9    Spells: 0 memorised, 7 levels left

rFire  . . .     SeeInvis .       - Unarmed
rCold  . . .     Clarity  .     a - +0 animal skin
rNeg   . . .     SustAt   .     (no shield)
rPois  .         Gourm    +     (helmet restricted)
rElec  .         Spirit   .     (no cloak)
rCorr  .         Warding  .     (gloves unavailable)
rMut   .         NoTele   +     (boots unavailable)
MR     .....                    (no amulet)
Stlth  +.........               (no ring)
                                (no ring)

@: lethally poisoned (-4 -> -9), not resistant to hostile enchantments, very
unstealthy
A: unfitting armour, claws 3, fast metabolism 3, gourmand, regeneration 2,
shaggy fur 1, tough skin 2
a: Burn Spellbooks, Berserk, Trog's Hand, Renounce Religion


You were in the Dungeon.
You worshipped Trog.
Trog was most pleased with you.
You were not hungry.

You visited 1 branch You collected 405 gold pieces.
You spent 60 gold pieces at shops.

Inventory:

Armour
 a - a +0 animal skin (worn)
Magical devices
 i - a wand of random effects (32)
Scrolls
 h - a scroll of blinking
 j - a scroll of amnesia {unknown}
Potions
 c - a potion of curing
 d - 2 potions of heal wounds
 e - a potion of haste
 f - 3 potions of magic
 g - a potion of berserk rage
Comestibles
 b - a bread ration


   Skills:
 * Level 8.7 Fighting
 * Level 9.7 Dodging
 * Level 10.6 Unarmed Combat


You had 7 spell levels left.
You didn't know any spells.

Dungeon Overview and Level Annotations

Branches:
Dungeon (1/1)

Altars:
Cheibriados
Dithmenos
Elyvilon
Fedhas
Gozag
Kikubaaqudgha
Makhleb
Nemelex Xobeh
Okawaru
Qazlal
Ru
Sif Muna
Trog
Vehumet
Xom
Yredelemnul
Zin
The Shining One
Jiyva

Shops:
D *

Annotations:
D Sonja


Innate Abilities, Weirdness & Mutations

You are too large for most types of armour.
You have claws for hands.
Your metabolism is lightning-fast.
You like to eat raw meat.
You heal very quickly.
You are covered in fur (AC +1).
You have very tough skin (AC +2).


Message History

The demonic crawler hits you.
* * * LOW HITPOINT WARNING * * *
The demonic crawler barely misses you. The demonic crawler misses you.
The demonic crawler closely misses you. The demonic crawler hits you.
* * * LOW HITPOINT WARNING * * *
There is a radiant altar of Vehumet here.
You open the door.
Sonja, the Graceful Assassin comes into view.
She is wielding a short sword of distortion.
Sonja shouts!
The demonic crawler barely misses you. The demonic crawler hits you.
* * * LOW HITPOINT WARNING * * *
The demonic crawler hits you but does no damage.
Sonja twirls her cape.
Sonja unwields an uncursed short sword of distortion.
Its appearance distorts for a moment.
Sonja wields a blowgun.
Sonja shoots a curare-tipped needle.
The curare-tipped needle hits you.
You are lethally poisoned!
You have difficulty breathing.
You die...

##########################
#<.#..').#.)'..#__#..')..#
#..'..#..'..#..'^.'..#)..##+
#..#####'#####'#__####...'..
#./####..#...#.#### #####..
#..#__####..##s# #
#..#_..__##'#s.+
#⌠⌠#_.∩...'.s._#
####_..._##@s#+# #_____###'#
####### .# .$ K$# .## +#


You could see 4 demonic crawlers and Sonja.

Vanquished Creatures
  2 kobold demonologists (D)
  A slime creature (D)
  Sigmund (D)
  A yak (D)
  An ogre (D)
  A jelly (D)
  Ijyb (D)
  A giant eyeball (D)
9 creatures vanquished.

Vanquished Creatures (others)
  A gargoyle (D)
  An ogre (D)
2 creatures vanquished.

Grand Total: 11 creatures vanquished

Notes
Turn   | Place    | Note
--------------------------------------------------------------
     0 | D        | nuthulu the Troll Berserker began the quest for the Orb.
     0 | D        | Reached XP level 1. HP: 22/22 MP: 0/0
     1 | D        | Noticed Ijyb
    32 | D        | Killed Ijyb
    32 | D        | Reached skill level 4 in Unarmed Combat
    32 | D        | Reached XP level 2. HP: 28/31 MP: 1/1
    42 | D        | Noticed an ogre
    48 | D        | Killed an ogre
    48 | D        | Acquired Trog's second power
    48 | D        | Reached skill level 5 in Dodging
    48 | D        | Reached skill level 5 in Unarmed Combat
    48 | D        | Reached XP level 3. HP: 34/41 MP: 2/2
    48 | D        | Reached XP level 4. HP: 40/49 MP: 3/3
   100 | D        | Noticed Sigmund
   107 | D        | Killed Sigmund
   107 | D        | Reached skill level 6 in Fighting
   107 | D        | Reached skill level 7 in Unarmed Combat
   107 | D        | Reached XP level 5. HP: 55/59 MP: 4/4
   107 | D        | Reached XP level 6. HP: 62/67 MP: 5/5
   225 | D        | Found a deep blue altar of Sif Muna.
   226 | D        | Noticed a jelly
   227 | D        | Found a radiant altar of Vehumet.
   232 | D        | Killed a jelly
   272 | D        | Found Mimycru's General Store.
   272 | D        | Found a white marble altar of Elyvilon.
   272 | D        | Found a stormy altar of Qazlal.
   272 | D        | Found a basalt altar of Yredelemnul.
   272 | D        | Found an iron altar of Okawaru.
   272 | D        | Found a sparkling altar of Nemelex Xobeh.
   272 | D        | Found a shimmering altar of Xom.
   272 | D        | Found an ancient bone altar of Kikubaaqudgha.
   272 | D        | Noticed a yak
   273 | D        | Found a burning altar of Makhleb.
   273 | D        | Found a sacrificial altar of Ru.
   273 | D        | Found a glowing golden altar of the Shining One.
   273 | D        | Found an opulent altar of Gozag.
   273 | D        | Found a glowing silver altar of Zin.
   280 | D        | Killed a yak
   280 | D        | Reached skill level 8 in Dodging
   281 | D        | Found a bloodstained altar of Trog.
   330 | D        | Bought a potion of heal wounds for 60 gold pieces
   342 | D        | Found a viscous altar of Jiyva.
   342 | D        | Found a blossoming altar of Fedhas.
   342 | D        | Noticed a slime creature
   343 | D        | Found a snail-covered altar of Cheibriados.
   343 | D        | Found a shadowy altar of Dithmenos.
   348 | D        | Killed a slime creature
   348 | D        | Reached skill level 9 in Unarmed Combat
   348 | D        | Reached XP level 7. HP: 48/79 MP: 6/6
   410 | D        | Noticed a kobold demonologist
   411 | D        | Noticed a kobold demonologist
   412 | D        | Noticed a rust devil
   414 | D        | Killed a kobold demonologist
   414 | D        | Reached skill level 10 in Unarmed Combat
   419 | D        | Killed a kobold demonologist
   419 | D        | Acquired Trog's third power
   419 | D        | Reached XP level 8. HP: 89/89 MP: 7/7
   443 | D        | Killed a gargoyle
   471 | D        | Noticed a demonic crawler
   471 | D        | Noticed a demonic crawler
   471 | D        | Noticed a demonic crawler
   471 | D        | Noticed a demonic crawler
   492 | D        | Noticed Sonja
   492 | D        | HP: 3/89 [demonic crawler (5)]
   492 | D        | Asphyxiated

Vault maps used:
D:        dungeon_sprint_1

Action                   |  1- 3 |  4- 6 |  7- 9 || total
-------------------------+-------+-------+-------++-------
Melee: Unarmed           |    30 |    19 |    10 ||    59
Invok: Berserk           |     1 |       |     1 ||     2
       Brothers in Arms  |       |       |     1 ||     1
 Stab: Sleeping          |       |     1 |       ||     1
  Eat: Chunk             |       |     2 |       ||     2
       Bread ration      |       |       |     1 ||     1
